AoeStats
← tlusty_melman

Black Forest

509365158Analyzed
2v2 RM · 4d ago on Sep 26, 2026· 45m 26s· 4 players
Game mode
Random Map
Map size
Medium (4 player)
Population
200
Speed
Normal
Resources
Standard
Victory
Conquest
Starting age
Dark Age
Ending age
Imperial Age
RankedLock teamsTeams togetherTeam positionsShared explorationLock speedFull tech treeHidden civsTurbo modeCheats
Victory
Defeat
🇨🇱 Mongols · Chile
814
+18
🇨🇱 Franks · Chile
806
+18
🇸🇰 Lithuanians · Slovakia
850
-18
🇸🇰 Romans · Slovakia
845
-18
Enri
3:24 Loom
14:46 Feudal Age
17:28 Double-Bit Axe
21:00 Castle Age
21:19 Gold Mining
22:15 Forging
23:11 Scale Barding Armor
24:53 Bow Saw
26:26 Wheelbarrow
27:19 Husbandry
40:29 Imperial Age
40:17 Hand Cart
40:37 Caravan
44:21 Iron Casting
45:20 Cavalier
Dani
12:55 Feudal Age
14:51 Horse Collar
17:26 Castle Age
15:31 Stone Mining
15:42 Double-Bit Axe
17:55 Gold Mining
19:18 Loom
19:51 Pikeman
20:32 Squires
26:07 Heavy Plow
31:20 Nomads
36:27 Fletching
36:37 Padded Archer Armor
38:10 Ballistics
39:21 Murder Holes
43:05 Wheelbarrow
Fearless
0:32 Loom
14:36 Feudal Age
15:23 Double-Bit Axe
15:27 Town Watch
18:13 Gold Mining
18:16 Stone Mining
22:16 Castle Age
20:52 Wheelbarrow
20:42 Man-at-Arms
22:41 Horse Collar
23:44 Fletching
23:32 Crossbowman
25:56 Squires
27:32 Scale Mail Armor
28:28 Pikeman
30:10 Bodkin Arrow
30:26 Forging
38:54 Bow Saw
39:01 Heavy Plow
41:32 Caravan
44:05 Ballistics
43:42 Murder Holes
44:00 Masonry
44:34 Forging
44:39 Chain Mail Armor
48:19 Imperial Age
tlusty_melman
0:27 Loom
13:21 Feudal Age
13:47 Double-Bit Axe
13:56 Stone Mining
13:49 Horse Collar
14:04 Gold Mining
14:22 Man-at-Arms
26:42 Castle Age
30:05 Heavy Plow
30:19 Bow Saw
39:22 Stone Shaft Mining
38:45 Fletching
39:42 Caravan
39:35 Elite Skirmisher
43:40 Imperial Age
42:26 Pikeman
43:06 Squires
43:20 Scale Mail Armor
43:31 Forging
43:16 Bodkin Arrow
43:22 Padded Archer Armor
43:27 Town Watch
44:50 Halberdier
46:12 Wheelbarrow
45:38 Town Patrol
Connection lost

Rejoining the realm…

Still unreachable

The connection could not be restored.

Session expired

The server has moved on; the page needs a fresh start.